Map: Ever Dream LE

Players

RiSky - Winner!

  • Race: Zerg Zerg
  • Spawn Location: 1:00

Probe

  • Race: Protoss Protoss
  • Spawn Location: 7:00

Event: DreamHack SC2 Masters 2020 Summer Oceania RoA

VOD

Have the link to the VOD?

Description

Time

  • Played on: June 28, 2020, 5:44 a.m.
  • Length: 12:36

All games in this series

Show
View Real Time Build Order
Export as new Build Order

RiSky Zerg - Winner!

Build Orders: Hatch First 

Get SALT Encoding   

  12  0:01  Drone  
  13  0:12  Overlord  
  13  0:17  Drone  
  14  0:30  Drone x2  
  16  0:47  Hatchery  
  15  0:51  Drone  
  15  0:54  Drone  
  17  0:58  Drone  
  18  1:08  Extractor  
  17  1:14  Spawning Pool  
  17  1:15  Drone  
  17  1:20  Drone  
  18  1:28  Drone  
  19  1:39  Drone  
  20  1:49  Overlord  
  20  2:00  Queen x2  
  24  2:01  Zergling x4  
  26  2:10  Drone  
  26  2:11  Drone  
  26  2:14  Metabolic Boost  
  28  2:21  Drone  
  28  2:22  Drone  
  30  2:33  Hatchery  
  30  2:36  Drone  
  30  2:44  Queen  
  30  2:48  Drone  
  30  2:50  Overlord  
  33  2:54  Drone  
  33  2:56  Drone  
  35  3:01  Drone  
  36  3:11  Drone x2  
  36  3:12  Drone x3  
  41  3:17  Overlord  
  41  3:22  Queen  
  41  3:24  Drone  
  44  3:36  Drone x2  
  44  3:39  Drone  
  44  3:40  Overlord  
  47  3:42  Drone  
  47  3:43  Drone  
  47  3:45  Drone  
  47  3:47  Drone x2  
  47  3:48  Queen  
  52  3:54  Zergling x4  
  52  3:55  Zergling x2  
  57  3:56  Zergling x2  
  57  3:59  Zergling x2  
  57  4:00  Queen  
  61  4:06  Roach Warren, Overlord  
  60  4:11  Lair  
  60  4:15  Drone x2  
  62  4:17  Spore Crawler  
  62  4:20  Overlord  
  62  4:22  Overlord  
  61  4:28  Zergling x2  
  61  4:29  Zergling x8  
  64  4:33  Zergling x4  
  64  4:35  Spore Crawler  
  64  4:36  Spore Crawler  
  63  4:41  Drone x2  
  63  4:42  Drone  
  63  4:43  Drone x2  
  68  4:47  Drone, Overlord  
  68  4:50  Extractor  
  68  4:51  Extractor  
  67  4:53  Roach x2  
  67  4:56  Roach  
  73  5:02  Roach x3  
  73  5:03  Overlord  
  73  5:06  Drone x2  
  81  5:09  Drone  
  81  5:10  Overseer  
  81  5:12  Drone x2  
  81  5:13  Drone  
  85  5:15  Drone  
  85  5:16  Drone  
  85  5:19  Drone  
  85  5:20  Drone  
  89  5:23  Drone  
  89  5:25  Evolution Chamber  
  89  5:27  Drone  
  90  5:29  Overlord  
  90  5:31  Overseer  
  90  5:32  Drone  
  91  5:40  Drone  
  89  5:43  Drone  
  89  5:46  Drone  
  89  5:49  Drone x2  
  86  5:50  Glial Reconstitution, Overlord  
  86  5:53  Zerg Melee Weapons Level 1  
  86  5:55  Drone x7, Baneling Nest  
  91  5:58  Drone  
  91  6:00  Overseer  
  92  6:05  Extractor x2  
  92  6:08  Drone, Overlord  
  91  6:13  Drone x5  
  91  6:14  Hatchery  
  91  6:17  Overlord  
  95  6:19  Overlord  
  95  6:20  Roach  
  99  6:25  Roach  
  99  6:26  Roach x3  
  99  6:28  Zergling x4  
  99  6:32  Extractor  
  106  6:34  Roach  
  106  6:35  Roach  
  106  6:38  Roach  
  112  6:42  Roach  
  112  6:43  Roach x2  
  112  6:45  Roach x2  
  122  6:47  Roach  
  122  6:53  Roach x3  
  128  6:55  Roach  
  128  6:57  Ravager  
  128  6:58  Overlord  
  131  7:03  Overlord  
  131  7:06  Centrifical Hooks, Overlord  
  131  7:19  Overlord  
  131  7:23  Zergling x12  
  131  7:28  Zergling x6  
  142  7:30  Ravager x5  
  142  7:34  Zergling x2  
  142  7:35  Zergling x2  
  142  7:36  Ravager  
  147  7:38  Zergling x2  
  147  7:39  Zergling x8  
  152  7:46  Zergling x12  
  158  7:55  Zergling x4  
  159  8:03  Overlord  
  157  8:07  Drone x2  
  157  8:12  Drone x5  
  160  8:15  Drone  
  160  8:16  Baneling x22  
  160  8:17  Baneling x7, Overlord x2  
  159  8:20  Drone  
  159  8:21  Overlord  
  159  8:24  Overlord  
  159  8:25  Drone  
  159  8:26  Zerg Melee Weapons Level 2, Drone  
  162  8:28  Hatchery, Drone  
  162  8:34  Drone x2  
  164  8:36  Drone x2  
  164  8:37  Drone x2  
  164  8:41  Spore Crawler  
  167  8:43  Unknown, Zergling x16  
  173  8:48  Zergling x12  
  173  8:54  Infestation Pit, Zergling x6  
  179  8:58  Zergling x6  
  182  9:04  Pneumatized Carapace  
  182  9:06  Zergling x4  
  184  9:11  Baneling x20  
  184  9:13  Zergling x12  
  184  9:16  Zergling x2  
  184  9:17  Zergling x2  
  192  9:22  Zergling x14  
  199  9:27  Zergling x2  
  199  9:32  Zergling x2  
  199  9:35  Spore Crawler  
  198  9:40  Spire  
  187  9:48  Zergling x26  
  186  9:55  Zergling x12  
  186  9:58  Hive  
  183  10:03  Zergling x2  
  183  10:04  Zergling x8  
  183  10:06  Zergling x2  
  184  10:09  Zergling x8  
  188  10:16  Baneling  
  188  10:17  Baneling x24  
  188  10:18  Zergling x14  
  195  10:25  Zergling x8  
  197  10:29  Zergling x2  
  197  10:30  Zergling x2  
  194  10:38  Zergling x16  
  199  10:43  Zergling x2  
  199  10:50  Zergling x2  
  193  10:58  Baneling x22  
  193  10:59  Baneling x6, Zergling x16  
  195  11:05  Zergling x12  
  195  11:11  Zergling x14  
  187  11:18  Greater Spire  
  168  11:22  Roach x9  
  179  11:29  Zergling x6  
  182  11:36  Zergling x6  
  185  11:41  Zergling x10  
  185  11:43  Hatchery  
  185  11:44  Zergling x2  
  186  11:49  Zergling x12  
  189  11:54  Zergling x10  
  189  11:58  Zergling x2  
  189  12:00  Zergling x4  
  184  12:05  Zergling x4  
  164  12:11  Zergling x10  
  157  12:15  Zergling x8  
Show
View Real Time Build Order
Export as new Build Order

Probe Protoss 

Build Orders: 1 Gate Expand, Zealot Archon, Archon Drop, Dark Templar Rush 

Get SALT Encoding   

  12  0:00  Probe  
  13  0:13  Probe  
  14  0:18  Pylon  
  14  0:25  Probe  
  15  0:33  Probe  
  15  0:38  Gateway  
  15  0:41  Probe  
  16  0:48  Assimilator  
  17  0:51  Probe  
  18  1:03  Probe  
  19  1:15  Probe  
  20  1:23  Nexus  
  21  1:36  Cybernetics Core  
  21  1:37  Probe  
  21  1:44  Assimilator  
  21  1:49  Probe  
  21  1:52  Pylon  
  22  2:01  Probe  
  22  2:03  Adept  
  23  2:09  Probe  
  23  2:13  Warp Gate  
  26  2:18  Probe  
  27  2:28  Probe  
  27  2:32  Stalker  
  27  2:35  Probe  
  31  2:38  Twilight Council  
  31  2:40  Probe  
  31  2:44  Probe  
  33  2:52  Probe x2  
  33  2:57  Robotics Facility  
  35  3:03  Probe  
  35  3:04  Probe  
  37  3:06  Gateway  
  37  3:16  Probe x2  
  39  3:22  Dark Shrine  
  39  3:26  Adept  
  41  3:28  Probe x2  
  41  3:33  Gateway  
  43  3:34  Warp Prism  
  43  3:39  Pylon  
  43  3:46  Probe  
  46  3:51  Pylon  
  46  3:57  Probe  
  46  3:59  Probe  
  46  4:02  Pylon  
  48  4:03  Assimilator  
  48  4:04  Adept  
  48  4:05  Adept  
  53  4:10  Probe  
  53  4:11  Probe  
  54  4:20  Pylon  
  54  4:22  Probe  
  54  4:23  Probe  
  56  4:34  Probe  
  56  4:35  Probe  
  58  4:43  Dark Templar  
  58  4:44  Dark Templar x2, Assimilator  
  64  4:46  Probe  
  64  4:47  Forge, Probe  
  66  4:58  Probe  
  66  4:59  Pylon, Probe  
  68  5:03  Observer  
  69  5:07  Nexus  
  69  5:10  Archon, Probe  
  69  5:11  Protoss Ground Weapons Level 1  
  70  5:15  Gateway  
  70  5:16  Gateway, Dark Templar  
  70  5:20  Archon  
  72  5:32  Shield Battery  
  72  5:34  Pylon  
  72  5:36  Gateway  
  72  5:38  Gateway, Dark Templar  
  74  5:43  Immortal  
  74  5:44  Dark Templar  
  74  5:45  Probe  
  74  5:49  Probe  
  80  5:58  Sentry, Archon  
  80  5:59  Probe  
  83  6:05  Probe  
  84  6:11  Probe  
  84  6:14  Immortal  
  84  6:16  Sentry x2  
  84  6:17  Probe  
  90  6:23  Pylon x2  
  94  6:26  Pylon  
  94  6:28  Probe  
  94  6:30  Shield Battery, Probe  
  94  6:31  Probe  
  97  6:33  Sentry  
  99  6:40  Probe  
  99  6:45  Blink  
  100  6:52  Stalker x4  
  108  6:55  Probe x3  
  108  6:56  Pylon  
  108  6:59  Immortal  
  111  7:08  Probe x2  
  113  7:09  Assimilator x2  
  113  7:11  Pylon  
  117  7:17  Probe  
  117  7:19  Photon Cannon  
  117  7:20  Probe  
  119  7:28  Stalker  
  119  7:29  Stalker x2  
  125  7:30  Probe  
  126  7:41  Photon Cannon  
  126  7:46  Protoss Ground Weapons Level 2  
  126  7:47  Stalker x4  
  134  7:52  Gateway, Photon Cannon  
  134  7:53  Pylon  
  134  7:54  Pylon  
  134  8:04  Stalker x3  
  140  8:11  Probe x2  
  141  8:15  Stalker x2  
  145  8:25  Robotics Bay  
  145  8:28  Pylon  
  145  8:30  Stalker x2  
  145  8:31  Shield Battery  
  145  8:33  Shield Battery  
  149  8:38  Stalker x2  
  153  8:45  Pylon x2  
  153  8:46  Pylon  
  153  8:48  Charge  
  153  8:53  Robotics Facility  
  153  8:56  Zealot x3  
  153  9:01  Disruptor  
  162  9:20  Stalker x4  
  170  9:24  Nexus  
  170  9:26  Pylon  
  169  9:37  Disruptor  
  172  9:39  Stalker x3  
  172  10:03  Cybernetics Core  
  172  10:05  Gateway  
  172  10:06  Gateway  
  172  10:14  Zealot x5  
  172  10:16  Gateway  
  172  10:17  Gateway, Observer  
  172  10:19  Cybernetics Core  
  179  10:35  Probe  
  178  10:40  Stalker  
  178  10:41  Stalker x4  
  187  10:59  Nexus  
  144  11:16  Stalker x6  
  139  11:23  Zealot x5  
  131  11:32  Pylon  
  131  11:37  Templar Archives  
  131  11:40  Sentry x4  
  131  11:47  Disruptor x2  
  138  11:50  Stalker x2  
  144  11:54  Zealot x2  
  113  12:10  Zealot  
  113  12:11  Zealot x5  
  103  12:17  High Templar x5  
Tags
 
Add a new tag
Caveats
  • Supply blocks, unpowered buildings, or Contaminate may cause inaccurate times.
  • Supply counts are checked every 10 seconds.